 Dungeon Crawl Stone Soup version 0.27-a0-1334-g2746e35aca (webtiles) character file.

Game seed: 7616342817657957384

233 Sweetruy1997 the Gusty (level 6, 0/38 HPs)
             Began as an Octopode Air Elementalist on June 27, 2021.
             Slain by Purgy (2 damage)
             ... on level 3 of the Dungeon.
             The game lasted 00:09:42 (4109 turns).

Sweetruy1997 the Gusty (Octopode Air Elementalist)  Turns: 4109, Time: 00:09:43

Health: 0/38       AC:  1    Str:  7    XL:     6   Next: 4%
Magic:  1/10       EV: 13    Int: 18    God:
Gold:   105        SH:  0    Dex: 14    Spells: 2/11 levels left

rFire    . . .     SeeInvis .   c - +0 dagger
rCold    . . .     Faith    .   (no shield)
rNeg     . . .     Spirit   .   (helmet currently unavailable)
rPois    .         Reflect  .   (no amulet)
rElec    .         Harm     .   (no ring)
rCorr    .         Rampage  .   (no ring)
Will     .....                  (no ring)
Stlth    +++.......             (no ring)
HPRegen  0.12/turn              (no ring)
MPRegen  0.12/turn              (no ring)
                                (no ring)
                                (no ring)

@: appendages (expiring)
A: tentacle spike 3, almost no armour, amphibious, 8 rings, camouflage 1,
gelatinous body 1, (nimble swimmer 1), tentacles
a: End Transformation


You were on level 3 of the Dungeon.
One of your tentacles had grown a beastly spike.
You visited 1 branch of the dungeon, and saw 3 of its levels.

You collected 105 gold pieces.

Inventory:

Hand Weapons
 c - a +0 dagger (weapon)
Scrolls
 b - a scroll of fog
 d - a scroll of summoning
 f - a scroll of teleportation
Potions
 a - a potion of cancellation {unknown}
 e - a potion of brilliance {unknown}
 g - a potion of degeneration {unknown}
 h - a potion of might {unknown}


   Skills:
 + Level 1.1 Fighting
 + Level 1.2 Short Blades
 + Level 2.7 Dodging
 - Level 3.0 Stealth
 + Level 3.3 Spellcasting
 + Level 2.6 Conjurations
 + Level 0.3 Transmutations
 + Level 4.0 Air Magic


You had 2 spell levels left.
You knew the following spells:

 Your Spells              Type           Power      Damage    Failure   Level
a - Shock                 Conj/Air       60%        1d6       4%          1
b - Static Discharge      Conj/Air       15%        N/A       6%          2
c - Beastly Appendage     Tmut           8%         N/A       14%         1
d - Swiftness             Air            17%        N/A       9%          3
e - Wereblood             Tmut           4%         N/A       21%         2

Your spell library contained the following spells:

 Spells                   Type           Power      Damage    Failure   Level
 Airstrike                Air            8%         N/A       30%         4
 Spider Form              Tmut/Pois      1%         N/A       41%         3
 Lightning Bolt           Conj/Air       7%         1d20      73%         5
 Ice Form                 Ice/Tmut       3%         N/A       82%         4


Dungeon Overview and Level Annotations

Branches:
Dungeon (3/15)

Altars:
Kikubaaqudgha

Annotations:
D:3 Purgy


Innate Abilities, Weirdness & Mutations

One of your tentacles has grown a beastly spike.
You cannot wear most types of armour.
You are amphibious.
You can wear up to eight rings at the same time.
Your skin changes colour to match your surroundings (Stealth+).
Your rubbery body absorbs attacks. (AC +1, EV +1)
((You are camouflaged near water. (Stealth+)))
You have tentacles for arms and can constrict up to eight enemies at once.


Message History

Purgy barely misses you. x3
Casting: Static Discharge (safe; 6% risk of failure)
Confirm with . or Enter, or press ? or * to list all spells.
Purgy is struck by an arc of lightning!
Purgy is heavily wounded.
You are struck by an arc of lightning.
The lightning grounds out.
Purgy bites you. Purgy claws you. Purgy misses you.
Casting: Static Discharge (safe; 6% risk of failure)
Confirm with . or Enter, or press ? or * to list all spells.
Aiming: Shock (safe; 4% risk of failure)
Press: ? - help, Shift-Dir - straight line, f/p - Purgy
Aim: Purgy (heavily wounded, 64% to hit)
Okay, then.
Casting: Shock (safe; 4% risk of failure)
Confirm with . or Enter, or press ? or * to list all spells.
One of your tentacles grows a vicious spike.
Purgy barely misses you. Purgy closely misses you. Purgy misses you.
You closely miss Purgy. You squeeze Purgy.
Purgy is severely wounded.
Purgy misses you. Purgy claws you. Purgy closely misses you.
You hit Purgy. Your squeeze misses Purgy.
Purgy is severely wounded.
Purgy bites you. Purgy claws you. x2
You closely miss Purgy.
Purgy is heavily wounded.
You closely miss Purgy.
Your tentacle spike misses Purgy.
Purgy is heavily wounded.
Your transformation is almost over.
Purgy bites you. Purgy misses you. Purgy claws you.
You hit Purgy. Your squeeze misses Purgy.
Purgy is heavily wounded.
Purgy bites you!
* * * LOW HITPOINT WARNING * * *
Purgy closely misses you. Purgy misses you.
You hit Purgy.
Purgy is heavily wounded.
Purgy bites you.
* * * LOW HITPOINT WARNING * * *
Purgy claws you.
You die...

##'''##.....## #
#.....#......## #
#.....#.......###
.#..8..#..[....'..
..........[....###
###.##.......## #
#.....#.....##
####.....##...##
#.T@.....###'##
#.##.....# #)# #.
#.....# #.# #.
#########.## ####
#. ##...###... #.
#.....##.#. #[
.....#......... #.
####.##.#.###.#
(##.##.#.###.#


You could see Purgy.

Vanquished Creatures
  2 orc priests (D:3)
  2 orc wizards
  Robin (D:2)
  4 adders (D:2)
  A worm (D:2)
  2 dart slugs
  6 orcs
  6 endoplasms
  A giant cockroach (D:1)
  10 goblins
  8 hobgoblins
  9 kobolds
  7 ball pythons
  6 bats
  2 rats
67 creatures vanquished.

Vanquished Creatures (others)
  A human (D:3)
1 creature vanquished.

Grand Total: 68 creatures vanquished

Notes
Turn   | Place    | Note
-------+----------+-------------------------------------------
     0 | D:1      | Sweetruy1997 the Octopode Air Elementalist began the quest
                  | for the Orb.
     0 | D:1      | Reached XP level 1. HP: 11/11 MP: 3/3
   408 | D:1      | Reached XP level 2. HP: 14/17 MP: 0/5
   745 | D:1      | Learned a level 2 spell: Static Discharge
   747 | D:1      | Learned a level 1 spell: Beastly Appendage
   754 | D:1      | Found a faded altar of an unknown god.
  1311 | D:2      | Reached XP level 3. HP: 4/21 MP: 2/6
  1580 | D:2      | Reached XP level 4. HP: 7/27 MP: 0/7
  1804 | D:2      | Learned a level 3 spell: Swiftness
  2409 | D:2      | Noticed Robin
  2424 | D:2      | HP: 1/27 [something (5)]
  2425 | D:2      | Killed Robin
  2829 | D:2      | Reached XP level 5. HP: 13/32 MP: 1/9
  3844 | D:3      | Found an ancient bone altar of Kikubaaqudgha.
  3854 | D:3      | Noticed a human
  3855 | D:3      | Killed a human
  3902 | D:3      | Reached skill level 1 in Short Blades
  3905 | D:3      | Reached skill level 1 in Fighting
  3907 | D:3      | Reached skill level 4 in Air Magic
  3907 | D:3      | Reached XP level 6. HP: 17/38 MP: 6/10
  4079 | D:3      | Learned a level 2 spell: Wereblood
  4096 | D:3      | Noticed Purgy
  4109 | D:3      | Slain by Purgy

Illustrated notes

Levels and vault maps discovered:
D:1:      zelgadis_glass_arrival_small, layout_basic,
          hellmonk_ecumenical_altar_lost_god
D:2:      layout_basic, minmay_fractal_squares_gapless_5, uniq_robin
D:3:      layout_loops_corners, slow_altar_2, tgw_kikubaaqudgha, uniq_purgy

Skill      XL: |  1  2  3  4  5 |
---------------+----------------+-----
Stealth        | 3 |  3.0
Conjurations   | 2 |  2.6
Spellcasting   | 3 |  3.3
Short Blades   | 1 |  1.2
Fighting       | 1 |  1.1
Air Magic      | 4 |  4.0
Dodging        | |  2.7
Transmutations | |  0.3

Action                   |  1- 3 |  4- 6 || total
-------------------------+-------+-------++-------
Melee: Unarmed           |     4 |       ||     4
       Dagger            |    26 |    71 ||    97
       Constrict         |     9 |    18 ||    27
       Tentacles         |     7 |    15 ||    22
       Kick              |     3 |     2 ||     5
 Cast: Shock             |    41 |    65 ||   106
       Beastly Appendage |     1 |     4 ||     5
       Static Discharge  |     2 |     7 ||     9
  Use: Scroll            |       |     3 ||     3
Armor: Skin              |     1 |     5 ||     6
Dodge: Dodged            |    20 |    56 ||    76

Table legend: (Time is in decaauts)
 A = Elapsed time spent in this place.
 B = Non-inter-level travel time spent in this place.
 C = Inter-level travel time spent in this place.
 D = Time resting spent in this place.
 E = Time spent auto-exploring this place.
 F = Levels seen in this place.
 G = Mean time per level.
                   A        B        C        D        E       F      G
               +--------+--------+--------+--------+--------+-----+--------+
         Total |   4107 |   3985 |    122 |   1633 |   1867 |   3 | 1369.0 |
       Dungeon |   4107 |   3985 |    122 |   1633 |   1867 |   3 | 1369.0 |
               +--------+--------+--------+--------+--------+-----+--------+

Top non-repeatable levels by time:
     D:2: 2474 daAuts
     D:1: 1160 daAuts
     D:3: 472 daAuts
